 Dungeon Crawl Stone Soup version 0.30-a0-840-ga523dec638 (webtiles) character file.

Game seed: 8970961519095226322

70419 Duck the Acrobat (level 14, -2/109 HPs)
             Began as a Felid Berserker on Feb 28, 2023.
             Was a High Priest of Trog.
             Slain by a white ugly thing (7 damage)
             ... on level 1 of the Swamp on Mar 2, 2023.
             The game lasted 03:47:35 (29724 turns).

Duck the Acrobat (Felid Berserker)                 Turns: 29724, Time: 03:47:36

Health: -2/109     AC:  3    Str: 24    XL:     14   Next: 94%
Magic:  16/16      EV: 48    Int:  8    God:    Trog [*****.]
Gold:   1883       SH:  5    Dex: 29    Spells: 13/13 levels left
                                        Lives:  0   Deaths: 4

rFire   + . .      SeeInvis +      - Unarmed
rCold   + . .      Faith    .    (shield unavailable)
rNeg    . . .      Spirit   .    (body armour unavailable)
rPois   .          Reflect  +    (helmet unavailable)
rElec   .          Harm     .    (cloak unavailable)
rCorr   .          Rampage  .    (gloves unavailable)
Will    +++..                    (boots unavailable) Stlth
                                 t - amulet of reflection
HPRegen 0.38/turn                I - ring "Nuphogh" {Will+ Str+8 Int-2}
MPRegen 0.15/turn                s - +6 ring of dexterity

@: berserking, very quick
A: very small, claws 1, fangs 3, see invisible, speed 1, shaggy fur 3, stealthy
paws, no weapons or thrown items, no armour, multi-lived, thin skeletal
structure 1, agile 1, fire resistance 1, high MP 1
a: Renounce Religion, Berserk, Trog's Hand, Brothers in Arms


You were on level 1 of the Swamp.
You worshipped Trog.
Trog was extremely pleased with you.
You visited 5 branches of the dungeon, and saw 24 of its levels.
You also visited: Gauntlet.

You collected 2737 gold pieces.
You spent 854 gold pieces at shops.

Inventory:

Jewellery
 d - an amulet of magic regeneration
 f - a +4 ring of slaying
 i - a ring of positive energy
 l - a ring of magical power
 s - a +6 ring of dexterity (right paw)
 t - an amulet of reflection (around neck)
 w - a ring of fire
 B - the amulet of the Four Winds {rN+ Will+++ Clar}
   (You found it on level 3 of the Lair of Beasts)

   [amulet of nothing]

   rN:        It protects you from negative energy.
   Clar:      It protects you against confusion.
   Will:      It greatly increases your willpower.
 F - a ring of protection from fire
 H - the ring "Zoqutum" {rPois rF+ rC+}
   (You found it in a Gauntlet)

   [ring of protection from fire]

   rF:        It protects you from fire.
   rC:        It protects you from cold.
   rPois:     It protects you from poison.
 I - the ring "Nuphogh" (left paw) {Will+ Str+8 Int-2}
   (You found it in a Gauntlet)

   [ring of willpower]

   Str:       It affects your strength (+8).
   Int:       It affects your intelligence (-2).
   Will:      It increases your willpower.
 J - the ring of Qenn {rN+ Dex+4 Stlth-}
   (You found it in a Gauntlet)

   [ring of positive energy]

   Dex:       It affects your dexterity (+4).
   rN:        It protects you from negative energy.
   Stlth:     It makes you less stealthy.
Wands
 g - a wand of paralysis (32)
 n - a wand of iceblast (31)
 o - a wand of mindburst (12)
 q - a wand of polymorph (12)
 r - a wand of digging (16)
 u - a wand of flame (39)
 v - a wand of light (34)
Scrolls
 a - 17 scrolls of identify
 b - 2 scrolls of magic mapping
 c - 4 scrolls of fear
 m - a scroll of fog
 p - 4 scrolls of immolation
 y - 6 scrolls of teleportation
 A - a scroll of vulnerability
 K - 2 scrolls of butterflies {unknown}
Potions
 e - 4 potions of haste
 h - 5 potions of curing
 j - a potion of might
 k - 2 potions of attraction
 x - 2 potions of ambrosia {unknown}
 z - a potion of magic
 D - a potion of lignification {unknown}
 E - a potion of cancellation
 L - 2 potions of flight
Miscellaneous
 M - a box of beasts


   Skills:
 + Level 15.3 Fighting
 * Level 23.1 Dodging
 - Level 10.1 Stealth
 * Level 18.7 Unarmed Combat


You had 13 spell levels left.
You didn't know any spells.
Your spell library contained the following spells:

 Spells                   Type           Power      Damage    Failure   Level
 Beastly Appendage        Tmut           0%         N/A       41%         1
 Wereblood                Tmut           0%         N/A       54%         2
 Spider Form              Tmut/Pois      0%         N/A       78%         3


Dungeon Overview and Level Annotations

Branches:
Dungeon (15/15)            Temple (1/1) D:5            Lair (5/5) D:11
  Swamp (1/4) Lair:3       Spider (0/4) Lair:3        Slime (0/5) Lair:5
    Orc (2/2) D:9             Elf (0/3) Orc:2        Vaults (0/5) D:14
 Depths (0/4) D:15        Gauntlet (visited)

Altars:
Ashenzari
Cheibriados
Dithmenos
Elyvilon
Fedhas
Gozag
Hepliaklqana
Kikubaaqudgha
Makhleb
Nemelex Xobeh
Okawaru
Qazlal
Ru
Sif Muna
Trog
Uskayaw
Vehumet
Wu Jian
Xom
Yredelemnul
Zin
The Shining One
Lugonu

Shops:
D:4 ?   D:5 *   Orc:2 ?[?(*?(

Annotations:
Swamp:1 Roxanne


Innate Abilities, Weirdness & Mutations

You have sharp claws.
You have razor-sharp teeth.
You have supernaturally acute eyesight. (SInv)
You cover ground quickly. (Speed+)
Your thick and shaggy fur keeps you warm. (AC +3, rC+)
Your paws help you pounce on unaware monsters.
You are incapable of wielding weapons or throwing items.
You cannot wear armour.
You gain extra lives every three experience levels.
You have a somewhat thin skeletal structure. (Dex +2, Stealth+)
You are agile. (Dex +4, Str/Int -1)
Your flesh is heat resistant. (rF+)
You have an increased reservoir of magic. (+10% MP)


Message History

The alligator puts on a burst of speed!
The alligator bites you!! The alligator closely misses you.
You mangle the alligator!!
The alligator is heavily wounded.
The alligator completely misses you. x2
You mangle the alligator!!
The alligator is severely wounded.
The alligator misses you. The alligator completely misses you.
You claw the alligator! You bite the alligator.
The alligator is almost dead.
The alligator completely misses you. x4
You closely miss the alligator.
The alligator is almost dead.
The alligator completely misses you. x3; The alligator tail-slaps you.
A red film seems to cover your vision as you go berserk!
You feel yourself moving faster!
You feel mighty! The alligator bites you! The alligator completely misses you.
The alligator bites you!!
* * * LOW HITPOINT WARNING * * *
The alligator completely misses you.
A white ugly thing comes into view.
The white ugly thing gurgles horribly!
You scratch the alligator but do no damage.
You claw the alligator.
The alligator is almost dead.
The alligator completely misses you. x2; The alligator closely misses you.
The alligator completely misses you.
You mangle the alligator!!
You kill the alligator!
Trog accepts your kill.
You claw the white ugly thing! Your claw misses the white ugly thing.
The white ugly thing is moderately wounded.
The white ugly thing completely misses you.
You mangle the white ugly thing!!
The white ugly thing is severely wounded.
You block the alligator's attack. The alligator tail-slaps you!
* * * LOW HITPOINT WARNING * * *
You scratch the white ugly thing.
The white ugly thing is severely wounded.
The white ugly thing stings you!
You die...

~...~..♣.. .~♣♣
♣♣~.~~~~~. . ~~.~♣
♣♣.....§u.♣..
~....~♣♣~...~~~~~.♣.
~...8..~......~~~~...
.......~§.....~~....~
.§~..♣.§~.....~~...~~
~..~♣~.....t~u~~~§.~~
~$.♣.≈.[....@♣.§~~.~~
~..≈.≈≈.<.≈.♣♣.......
~...≈≈≈..≈≈.♣ ~~~..~.
~..≈≈≈≈≈≈≈≈≈..~~..~~.
...≈≈≈≈≈≈≈≈≈≈...~♣..♣
~~~.≈≈≈≈≈≈≈≈..~♣~~♣♣♣
~~§..≈≈≈≈≈≈≈.♣♣..>♣
..§~...≈≈≈≈.♣~~~~
.§.>§..)...~~~~


You could see an alligator (swift) and 2 ugly things.

Vanquished Creatures
  Jorgrun (D:9)
  Rupert (D:12)
  A sphinx (D:14)
  Louise (Swamp:1)
  A balrug (Gauntlet)
  A minotaur (Gauntlet)
  Josephine (Lair:3)
  3 vault guards (D:14)
  Fannar (Lair:1)
  A great orb of eyes (D:15)
  5 ogre magi
  3 catoblepae (Lair:5)
  3 hydras
  7 boulder beetles
  24 two-headed ogres
  2 alligators (Swamp:1)
  A death scarab (Gauntlet)
  18 death yaks
  6 centaur warriors
  Urug (Lair:3)
  2 tengu warriors (D:14)
  A skyshark (Lair:5)
  Sonja (Lair:4)
  15 skeletal warriors
  4 bog bodies (Lair:3)
  18 ugly things
  4 deep elf pyromancers
  2 oklob plants
  4 cyclopes
  5 manticores
  13 elephants
  5 black mambas
  A torpor snail (Lair:1)
  14 cane toads
  15 komodo dragons
  2 unseen horrors
  2 minotaur zombies (Gauntlet)
  5 kobold demonologists
  An efreet (D:15)
  10 rime drakes
  A tengu conjurer (D:15)
  2 polar bears
  A queen bee (Gauntlet)
  A tyrant leech (shapeshifter) (D:14)
  3 meliai (D:15)
  4 trolls
  A hornet (D:14)
  9 dream sheep (Lair:5)
  25 blink frogs
  2 culicivoras (Lair:3)
  2 jumping spiders (Lair:3)
  18 slime creatures
  A vampire (D:11)
  3 shadows
  6 wyverns
  69 yaks
  4 wraiths
  A spectral komodo dragon (Gauntlet)
  4 basilisks
  5 humans (D:14)
  10 steam dragons
  A redback (Lair:3)
  7 vampire mosquitoes
  3 wargs
  An acid dragon (Lair:2)
  A hell hound (Gauntlet)
  9 water moccasins
  2 sky beasts (D:6)
  2 ice beasts
  A black bear (shapeshifter) (D:13)
  12 orc warriors
  3 black bears
  9 wolves
  26 ogres
  7 centaurs
  A phantom (D:6)
  4 kobold brigands
  13 bullfrogs
  A gnoll sergeant (D:8)
  A necrophage (D:6)
  2 scorpions
  19 wights
  6 killer bees
  7 howler monkeys
  An electric eel (Lair:3)
  A crimson imp (D:6)
  4 hounds
  7 jellies
  11 orc priests
  2 gnoll boudas
  Ijyb (D:5)
  8 iguanas
  21 orc wizards
  17 adders
  20 gnolls
  A shadow imp (D:6)
  A white imp (D:8)
  2 ufetubi
  A dart slug (D:2)
  A worm (D:4)
  69 orcs
  8 bats
  11 endoplasms
  4 giant cockroaches
  12 goblins
  2 hobgoblins
  3 jackals (D:1)
  19 kobolds
  2 quokkas
  5 ball pythons
  2 frilled lizards
  6 rats
758 creatures vanquished.

Vanquished Creatures (collateral kills)
  An ogre mage (D:15)
  3 elephants (Lair:1)
  A troll (Orc:1)
  A freezing wraith (D:15)
  A slime creature (D:14)
  A yak (D:11)
  A redback (shapeshifter) (D:15)
  A hell hound (Gauntlet)
  An ogre (Orc:1)
  A kobold brigand (D:11)
  A kobold (D:11)
13 creatures vanquished.

Vanquished Creatures (others)
  An ugly thing (D:14)
  2 humans (D:14)
  An ogre (D:15)
  A boggart simulacrum (D:14)
  23 fungi
  51 plants
  20 withered plants (Gauntlet)
99 creatures vanquished.

Grand Total: 870 creatures vanquished

Notes
Turn   | Place    | Note
-------+----------+-------------------------------------------
     0 | D:1      | Duck the Felid Berserker began the quest for the Orb.
     0 | D:1      | Reached XP level 1. HP: 10/10 MP: 2/2
   143 | D:1      | Reached XP level 2. HP: 14/14 MP: 3/3
   771 | D:1      | Reached XP level 3. HP: 17/17 MP: 4/4
   904 | D:1      | Reached ** piety under Trog
  1549 | D:2      | Reached skill level 1 in Stealth
  2226 | D:3      | Found a radiant altar of Vehumet.
  2236 | D:3      | Reached XP level 4. HP: 17/21 MP: 5/5
  3178 | D:4      | Noticed a scorpion
  3251 | D:4      | Noticed a black bear
  3284 | D:4      | Found Sejalor's Magic Scroll Shop.
  3365 | D:4      | Killed a scorpion
  3366 | D:4      | Reached skill level 5 in Dodging
  3366 | D:4      | Reached XP level 5. HP: 24/24 MP: 6/6
  3412 | D:4      | Bought a scroll of identify for 26 gold pieces
  3447 | D:4      | Killed a black bear
  3448 | D:4      | Gained mutation: You are covered in thick fur. (AC +2)
                  | [Felid growth]
  3448 | D:4      | Reached XP level 6. HP: 28/28 MP: 7/7
  3513 | D:5      | Entered Level 5 of the Dungeon
  3661 | D:4      | Reached skill level 6 in Dodging
  3972 | D:4      | Reached skill level 5 in Unarmed Combat
  4050 | D:4      | Found a shadowy altar of Dithmenos.
  4063 | D:4      | Reached XP level 7. HP: 33/33 MP: 8/8
  4214 | D:4      | Reached skill level 7 in Dodging
  4427 | D:5      | Reached *** piety under Trog
  4708 | D:5      | Found a staircase to the Ecumenical Temple.
  4726 | Temple   | Entered the Ecumenical Temple
  4739 | D:5      | Found a shimmering blue altar of Sif Muna.
  5140 | D:5      | Reached skill level 8 in Dodging
  5266 | D:5      | Found a glowing silver altar of Zin.
  5267 | D:5      | Found Zin's Purification Station.
  5273 | D:5      | Noticed Ijyb
  5282 | D:5      | Killed Ijyb
  5283 | D:5      | Reached XP level 8. HP: 34/36 MP: 9/9
  5374 | D:5      | Reached skill level 5 in Stealth
  5752 | D:6      | Reached skill level 9 in Dodging
  5762 | D:6      | Noticed a two-headed ogre
  5868 | D:6      | Killed a two-headed ogre
  5869 | D:6      | Reached skill level 11 in Dodging
  5909 | D:6      | Reached XP level 9. HP: 14/39 MP: 10/10
  6118 | D:6      | Reached skill level 5 in Fighting
  6541 | D:6      | Gained mutation: You possess an exceptional clarity of
                  | mind. [potion of mutation]
  6541 | D:6      | Gained mutation: You passively map a small area around you.
                  | [potion of mutation]
  6541 | D:6      | Gained mutation: You have a pair of small horns on your
                  | head. [potion of mutation]
  6701 | D:6      | Found a shimmering altar of Xom.
  6702 | D:6      | Found a burning altar of Makhleb.
  7445 | D:7      | Upgraded the game from 0.30-a0-824-g6c64550be9 to
                  | 0.30-a0-830-gfe289a77b0
  7517 | D:8      | Found a stormy altar of Qazlal.
  8063 | D:8      | Reached **** piety under Trog
  8376 | D:8      | Reached XP level 10. HP: 28/47 MP: 11/11
  8712 | D:9      | Found a staircase to the Orcish Mines.
  9028 | D:9      | Noticed a two-headed ogre
  9036 | D:9      | Killed a two-headed ogre
  9336 | D:10     | Entered Level 10 of the Dungeon
  9397 | D:10     | Found a shadowy altar of Dithmenos.
  9662 | D:10     | Reached skill level 12 in Dodging
  9690 | D:10     | Reached skill level 10 in Unarmed Combat
  9895 | D:10     | Found an ornate altar of the Wu Jian Council.
 10058 | D:10     | Reached XP level 11. HP: 51/51 MP: 12/12
 10249 | D:11     | Noticed a sun demon
 10267 | D:10     | Reached skill level 10 in Stealth
 10270 | D:11     | Noticed a sixfirhy
 10272 | D:11     | HP: 2/51 [barbs]
 10546 | D:11     | Noticed a two-headed ogre
 10551 | D:11     | Killed a two-headed ogre
 10552 | D:11     | Reached skill level 13 in Dodging
 10836 | D:11     | Found a staircase to the Lair.
 10836 | D:11     | Noticed an oklob plant
 10840 | D:11     | Lost mutation: You passively map a small area around you.
                  | [potion of mutation]
 10840 | D:11     | Lost mutation: You have a pair of small horns on your head.
                  | [potion of mutation]
 10840 | D:11     | Lost mutation: You possess an exceptional clarity of mind.
                  | [potion of mutation]
 10840 | D:11     | Gained mutation: You have a pair of small antennae on your
                  | head. [potion of mutation]
 11498 | D:11     | Noticed a boulder beetle
 11524 | D:11     | Slain by a boulder beetle
 11525 | D:11     | Reached XP level 10. HP: -2/73 MP: 11/11
 11592 | D:11     | Reached skill level 14 in Dodging
 11886 | D:12     | Noticed a purple ugly thing
 11900 | D:12     | Noticed a cyclops
 11910 | D:12     | Noticed a deep elf pyromancer
 12054 | D:12     | Noticed a skeletal warrior
 12054 | D:12     | Noticed a skeletal warrior
 12054 | D:12     | Noticed a skeletal warrior
 12057 | D:12     | You fall into a shaft and drop 3 floors!
 12057 | D:15     | Entered Level 15 of the Dungeon
 12079 | D:15     | Noticed a two-headed ogre
 12095 | D:15     | Noticed an ogre mage
 12097 | D:15     | Noticed a five-headed hydra
 12098 | D:15     | Noticed a two-headed ogre
 12099 | D:15     | Noticed a centaur warrior
 12107 | D:15     | Noticed a two-headed ogre
 12109 | D:15     | Noticed an ogre mage
 12136 | D:14     | Noticed a tengu warrior
 12180 | D:14     | Noticed a manticore
 12193 | D:14     | Noticed a cyan ugly thing
 12194 | D:14     | Noticed a cyan ugly thing
 12285 | D:14     | Noticed a deep elf pyromancer
 12298 | D:14     | Killed a deep elf pyromancer
 12299 | D:14     | Reached skill level 10 in Fighting
 12299 | D:14     | Reached XP level 11. HP: 54/54 MP: 12/12
 12446 | D:14     | Noticed a vault guard
 12446 | D:14     | Noticed a vault guard
 12620 | D:13     | Noticed a brown ugly thing
 12725 | D:13     | Noticed a two-headed ogre
 12733 | D:13     | Killed a two-headed ogre
 12741 | D:12     | Killed a purple ugly thing
 13028 | Orc:1    | Entered Level 1 of the Orcish Mines
 13028 | Orc:1    | Noticed Jorgrun
 13039 | D:9      | Killed Jorgrun
 13040 | D:9      | Reached skill level 15 in Dodging
 13650 | Orc:2    | Entered Level 2 of the Orcish Mines
 13663 | Orc:1    | Upgraded the game from 0.30-a0-830-gfe289a77b0 to
                  | 0.30-a0-840-ga523dec638
 13800 | Orc:2    | Noticed a two-headed ogre
 13886 | Orc:2    | Noticed a two-headed ogre
 13895 | Orc:2    | Noticed a two-headed ogre
 13905 | Orc:1    | Killed a two-headed ogre
 13992 | Orc:2    | Noticed a two-headed ogre
 13997 | Orc:1    | Killed a two-headed ogre
 14033 | Orc:2    | Noticed a two-headed ogre
 14033 | Orc:2    | Mangled by a two-headed ogre
 14034 | Orc:2    | Reached XP level 10. HP: -8/52 MP: 11/11
 14034 | Orc:2    | Found Xoahatig's Antique Armour Emporium.
 14057 | Orc:2    | Found Tuxkak's Weapon Shop.
 14077 | Orc:2    | Noticed a two-headed ogre
 14089 | Orc:2    | Killed a two-headed ogre
 14091 | Orc:2    | Noticed an ogre mage
 14107 | Orc:1    | Reached XP level 11. HP: 55/55 MP: 12/12
 14220 | Orc:2    | Killed an ogre mage
 14279 | Orc:2    | Noticed a two-headed ogre
 14321 | Orc:2    | Noticed an ogre mage
 14345 | Orc:1    | Killed a two-headed ogre
 14587 | Orc:2    | Killed an ogre mage
 14590 | Orc:2    | Noticed a two-headed ogre
 14599 | Orc:2    | Killed a two-headed ogre
 14605 | Orc:2    | Killed a two-headed ogre
 14628 | Orc:2    | Noticed a two-headed ogre
 14681 | Orc:1    | Killed a two-headed ogre
 14686 | Orc:1    | Killed a two-headed ogre
 14687 | Orc:1    | Reached skill level 16 in Dodging
 14919 | Orc:1    | Killed a two-headed ogre
 14983 | Orc:2    | Noticed an ogre mage
 14997 | Orc:2    | Noticed a two-headed ogre
 15003 | Orc:2    | Killed an ogre mage
 15008 | Orc:2    | Killed a two-headed ogre
 15015 | Orc:2    | Noticed an ogre mage
 15058 | Orc:2    | Killed an ogre mage
 15059 | Orc:2    | Gained mutation: Your thick and shaggy fur keeps you warm.
                  | (AC +3, rC+) [Felid growth]
 15059 | Orc:2    | Reached XP level 12. HP: 61/61 MP: 13/13
 15061 | Orc:2    | Found a staircase to the Elven Halls.
 15092 | Orc:2    | Noticed a two-headed ogre
 15102 | Orc:2    | Killed a two-headed ogre
 15135 | Orc:2    | Noticed a two-headed ogre
 15316 | Orc:2    | Killed a two-headed ogre
 15343 | Orc:2    | Noticed a two-headed ogre
 15355 | Orc:2    | Killed a two-headed ogre
 15383 | Orc:2    | Found Birotade's Magic Scroll Emporium.
 15391 | Orc:2    | Bought a scroll of identify for 24 gold pieces
 15391 | Orc:2    | Bought a scroll of teleportation for 36 gold pieces
 15391 | Orc:2    | Bought a scroll of identify for 24 gold pieces
 15618 | Orc:2    | Found Guel's Magic Scroll Shoppe.
 15618 | Orc:2    | Found Wiequtoi's Assorted Antiques.
 15619 | Orc:2    | Found Iroudau's Antique Weapon Shop.
 15619 | Orc:2    | Found Hiveuh's Magic Scroll Emporium.
 15626 | Orc:2    | Bought 2 scrolls of teleportation for 96 gold pieces
 15626 | Orc:2    | Bought a scroll of teleportation for 48 gold pieces
 15626 | Orc:2    | Bought a scroll of vulnerability for 64 gold pieces
 15626 | Orc:2    | Bought a scroll of teleportation for 48 gold pieces
 15626 | Orc:2    | Bought a scroll of blinking for 120 gold pieces
 15627 | Orc:2    | Bought 2 potions of invisibility for 368 gold pieces
 16016 | D:11     | Killed a boulder beetle
 16359 | Lair:1   | Entered Level 1 of the Lair of Beasts
 16359 | Lair:1   | Noticed a death yak
 16359 | Lair:1   | Noticed a death yak
 16366 | Lair:1   | Killed a death yak
 16378 | Lair:1   | Killed a death yak
 16379 | Lair:1   | Reached skill level 17 in Dodging
 16846 | Lair:1   | Noticed a boulder beetle
 16909 | Lair:1   | Killed a boulder beetle
 17354 | Lair:1   | Reached XP level 13. HP: 65/65 MP: 14/14
 17497 | Lair:1   | Noticed Fannar
 17506 | Lair:1   | Killed Fannar
 18043 | Lair:2   | Reached skill level 18 in Dodging
 18126 | Lair:1   | Lost mutation: You have a pair of small antennae on your
                  | head. [potion of mutation]
 18126 | Lair:1   | Gained mutation: You occasionally lose the ability to read
                  | scrolls when taking damage. [potion of mutation]
 18126 | Lair:1   | Lost mutation: You occasionally lose the ability to read
                  | scrolls when taking damage. [potion of mutation]
 18805 | Lair:2   | HP: 3/65 [something] (14)]
 19292 | Lair:3   | Reached skill level 15 in Unarmed Combat
 19724 | Lair:3   | Noticed Urug
 19746 | Lair:3   | Killed Urug
 19910 | Lair:3   | Found a hole to the Spider Nest.
 20164 | Lair:3   | Noticed Josephine
 20192 | Lair:3   | Killed Josephine
 20240 | Lair:3   | Found the amulet of the Four Winds {rN+ Will+++ Clar}
 20274 | Lair:3   | Reached skill level 19 in Dodging
 20804 | Lair:3   | Found a staircase to the Swamp.
 20815 | Lair:3   | Reached XP level 14. HP: 70/70 MP: 15/15
 20966 | Lair:4   | Noticed Sonja
 21123 | Lair:4   | Killed Sonja
 21406 | Lair:4   | Found a gate leading to a gauntlet.
 21415 | Gauntlet | Entered a Gauntlet
 21415 | Gauntlet | Found a transporter.
 21430 | Gauntlet | Found a transporter.
 21446 | Gauntlet | Found a transporter.
 21451 | Gauntlet | Found a transporter.
 21466 | Gauntlet | Found a transporter.
 21485 | Gauntlet | Found a transporter.
 21497 | Gauntlet | Found a transporter.
 21509 | Gauntlet | Found a transporter.
 21513 | Gauntlet | Noticed a balrug
 21521 | Gauntlet | Found a transporter.
 21533 | Gauntlet | Found a transporter.
 21550 | Gauntlet | Found a transporter.
 21568 | Gauntlet | Found a transporter.
 21570 | Gauntlet | Found a transporter.
 21595 | Gauntlet | Found a transporter.
 21597 | Gauntlet | Found a transporter.
 21617 | Gauntlet | Found a transporter.
 21695 | Gauntlet | Found a transporter.
 21715 | Gauntlet | Found a transporter.
 21981 | Gauntlet | Identified the ring "Zoqutum" {rPois rF+ rC+}
 22166 | Gauntlet | Identified the ring "Nuphogh" {Will+ Str+8 Int-2}
 22183 | Gauntlet | Killed a balrug
 22185 | Gauntlet | Identified the ring of Qenn {rN+ Dex+4 Stlth-}
 22826 | Lair:5   | Entered Level 5 of the Lair of Beasts
 22848 | Lair:4   | Reached skill level 20 in Dodging
 23063 | Lair:5   | Found a staircase to the Slime Pits.
 23700 | Lair:5   | Reached ***** piety under Trog
 23836 | Lair:5   | Reached XP level 15. HP: 68/75 MP: 16/16
 24086 | Lair:5   | HP: 1/75 [death yak (7)]
 24088 | Lair:5   | Mangled by a cane toad
 24089 | Lair:5   | Reached XP level 14. HP: -8/108 MP: 15/15
 24165 | Lair:5   | Reached skill level 21 in Dodging
 25162 | D:12     | Noticed Rupert
 25694 | D:12     | Killed Rupert
 26146 | D:13     | Found a corrupted altar of Lugonu.
 27079 | D:14     | Identified the +5 glaive of Dissatisfaction {flame, rPois
                  | rCorr}
 27086 | D:14     | Reached skill level 22 in Dodging
 27108 | D:14     | Noticed a sphinx
 27115 | D:14     | Slain by a vault guard
 27116 | D:14     | Reached XP level 13. HP: -2/68 MP: 14/14
 27147 | D:14     | Reached XP level 14. HP: 43/72 MP: 15/15
 27247 | D:14     | Gained mutation: You are agile. (Dex +4, Str/Int -1)
                  | [potion of mutation]
 27247 | D:14     | Gained mutation: You have a somewhat thin skeletal
                  | structure. (Dex +2, Stealth+) [potion of mutation]
 27247 | D:14     | Gained mutation: You have an increased reservoir of magic.
                  | (+10% MP) [potion of mutation]
 27247 | D:14     | Gained mutation: Your flesh is heat resistant. (rF+)
                  | [potion of mutation]
 27673 | D:14     | Killed a sphinx
 27873 | D:14     | Found a gate to the Vaults.
 28156 | D:15     | Reached skill level 15 in Fighting
 29035 | D:15     | Reached skill level 23 in Dodging
 29250 | D:15     | Found a staircase to the Depths.
 29616 | Swamp:1  | Entered Level 1 of the Swamp
 29616 | Swamp:1  | Identified Roxanne's Volume of Transmutation
 29616 | Swamp:1  | Noticed Roxanne
 29616 | Swamp:1  | Noticed Louise
 29617 | Swamp:1  | Killed Louise
 29723 | Swamp:1  | HP: 5/109 [alligator (12)]
 29724 | Swamp:1  | Slain by a white ugly thing

Illustrated notes

Levels and vault maps discovered:
D:1:      lemuel_arrival_room, layout_basic, wad_floor_pattern_2
D:2:      layout_basic, minivault_19, grunt_ministairs_11, minmay_parallelograms
D:3:      layout_basic, mainiacjoe_overflow_tiny_flanked,
          kennysheep_generic_room_2
D:4:      layout_loops_ring, nicolae_dithmenos_shadow_blocks, serial_shops,
          shop, corner_web_ring
D:5:      layout_loops_cross, zin_purify, led_sif_book,
          minmay_temple_entry_glass, nicolae_half_adder, uniq_ijyb
D:6:      hangedman_cross_stitches, layout_rooms,
          grunt_temple_overflow_champion_of_chaos, minivault_27,
          kennysheep_nondescript
D:7:      layout_gridville, serial_bayou, serial_bayou_pond_e,
          serial_bayou_pond_d, serial_bayou_shore_b, serial_bayou_pond_e,
          serial_bayou_crossing
D:8:      layout_gridville, pf_just_have_faith, minmay_tree_intersection
D:9:      layout_long_grid, orc_0_dummy
D:10:     layout_basic, hangedman_feature_mirror
D:11:     layout_roguey, dpeg_oklobed_lair
D:12:     layout_gridville, serial_glass, glass_columns_c, glass_columns_c,
          glass_columns_a, glass_columns_a, uniq_rupert
D:13:     layout_layer_cave, tgw_lugonu_bribe
D:14:     minmay_angry_zag, layout_loops_ring, ximxim_vaults_locker_room,
          fountainhead, minmay_misc_feat_plants, minmay_misc_feat_roman,
          minmay_shattered_shrine
D:15:     gammafunk_enter_depths_forms, layout_basic,
          chequers_serial_rivers_micro_a
Temple:   nicolae_temple_no_exploring_needed
Lair:1:   layout_loops_ring, grunt_megastairs_2, uniq_fannar
Lair:2:   layout_loops_ring, bobbens_dragon_lair_wall, serial_bayou_shore_b
Lair:3:   beast_lair_carwin_large_3, layout_long_grid,
          nicolae_swamp_entry_splash_gauntlet, spider_nest_entry_funnel_web,
          uniq_urug, uniq_josephine
Lair:4:   layout_loops_ring, gauntlet_entry_generic, lemuel_fruit_fields,
          uniq_sonja
Lair:5:   evilmike_catoblepas_cave, layout_gridlike,
          nicolae_slime_entry_slimehenge, nzn_sisyphean_effort,
          lemuel_fruit_fields, grunt_megastairs_5
Swamp:1:  layout_basic_swamp, portal_ice_cave_entry_ugly_swarm,
          nicolae_swamp_tree_isthmus, infiniplex_staircase_pool, uniq_roxanne,
          uniq_louise
Orc:1:    layout_caves, lemuel_statue_altar, uniq_jorgrun
Orc:2:    st_orc_ogre_mass, layout_caves, serial_shops, nicolae_shop_waterfront,
          nicolae_shop_behind_doors,
          nicolae_shop_temple_entry_statues_fountains, nicolae_orc_stony_grotto,
          statue_in_the_mist_lemuel

Skill      XL: |  1  2  3  4  5  6  7  8  9 10 11 12 13 14 |
---------------+-------------------------------------------+-----
Stealth        | 3 4 7 9 10 | 10.1
Dodging        | 5 6 8 11 14 16 17 19 23 | 23.1
Unarmed Combat | 4 5 8 10 13 14 15 18 | 18.7
Fighting       | 4 7 10 12 13 15 | 15.3

Action                     |  1- 3 |  4- 6 |  7- 9 | 10-12 | 13-15 || total
---------------------------+-------+-------+-------+-------+-------++-------
  Melee: Unarmed           |   106 |   113 |   250 |   782 |  1120 ||  2371
         Bite              |     6 |     7 |    36 |   123 |   189 ||   361
         Punch             |     5 |     2 |    12 |    86 |   152 ||   257
         Headbutt          |       |       |    17 |    37 |       ||    54
 Invoke: Berserk           |     3 |     6 |    10 |    35 |    32 ||    86
         Trog's Hand       |       |       |     2 |    14 |     7 ||    23
         Brothers in Arms  |       |       |       |     4 |     6 ||    10
    Use: Scroll            |     1 |    10 |     6 |    12 |     7 ||    36
         Potion            |     1 |     1 |     2 |     7 |    15 ||    26
   Stab: Sleeping          |     4 |     8 |    13 |    15 |    28 ||    68
         Distracted        |       |       |     1 |     1 |    11 ||    13
         Held in net/web   |       |       |       |       |     1 ||     1
         Invisible         |       |       |       |       |     4 ||     4
 Armour: Skin              |     7 |     6 |    10 |     7 |    23 ||    53
  Dodge: Dodged            |   116 |    75 |   207 |   670 |   966 ||  2034
  Block: Other             |       |       |       |    65 |   166 ||   231
         Reflection        |       |       |       |     1 |     3 ||     4

Table legend: (Time is in decaauts)
 A = Elapsed time spent in this place.
 B = Non-inter-level travel time spent in this place.
 C = Inter-level travel time spent in this place.
 D = Time resting spent in this place.
 E = Time spent auto-exploring this place.
 F = Levels seen in this place.
 G = Mean time per level.
                   A        B        C        D        E       F      G
               +--------+--------+--------+--------+--------+-----+--------+
         Total |  26732 |  25667 |   1065 |  10113 |   8693 |  25 | 1069.3 |
       Dungeon |  16763 |  16093 |    670 |   6275 |   5922 |  15 | 1117.5 |
        Temple |      1 |      1 |      0 |      0 |      0 |   1 |    1.0 |
          Lair |   6812 |   6540 |    272 |   2654 |   2145 |   5 | 1362.4 |
         Swamp |     21 |     21 |      0 |      0 |      0 |   1 |   21.0 |
  Orcish Mines |   2385 |   2264 |    121 |   1057 |    425 |   2 | 1192.5 |
      Gauntlet |    747 |    747 |      0 |    127 |    200 |   1 |  747.0 |
               +--------+--------+--------+--------+--------+-----+--------+

Top non-repeatable levels by time:
    D:11: 1928 daAuts
  Lair:5: 1714 daAuts
  Lair:3: 1645 daAuts
   Orc:1: 1554 daAuts
    D:14: 1494 daAuts
  Lair:2: 1366 daAuts
     D:4: 1360 daAuts
    D:15: 1291 daAuts
     D:9: 1236 daAuts
  Lair:1: 1229 daAuts
    D:10: 1094 daAuts
    D:13: 1090 daAuts
     D:5: 977 daAuts
     D:1: 972 daAuts
     D:8: 962 daAuts
